Map: Last Fantasy LE

Players

IlIlIlIlIlII

  • Race: Terran Terran
  • League: Diamond
  • Spawn Location: 3:00

spartin - Winner!

  • Race: Protoss Protoss
  • League: Diamond
  • Spawn Location: 12:00

VOD

Have the link to the VOD?

Description

Time

  • Played on: July 26, 2025, 11:01 p.m.
  • Length: 10:53
Show
View Real Time Build Order
Export as new Build Order

IlIlIlIlIlII Terran 

Build Orders:  

Get SALT Encoding   

  12  0:08  Supply Depot  
  12  0:13  SCV  
  13  0:25  SCV  
  14  0:31  Barracks  
  14  0:37  SCV  
  15  0:49  SCV  
  16  0:50  Refinery  
  16  0:54  Refinery  
  16  1:02  SCV  
  17  1:14  SCV  
  18  1:19  Marine  
  18  1:20  Barracks  
  19  1:27  SCV  
  19  1:32  Bunker  
  20  1:39  Marine  
  20  1:57  Marine  
  18  2:07  Marine  
  17  2:15  Marine  
  12  2:25  Marine  
  11  3:15  SCV  
  12  3:21  Barracks Reactor  
  12  3:23  Barracks Tech Lab  
  12  3:28  SCV  
  13  3:40  SCV  
  14  3:54  SCV  
  15  4:02  Combat Shield  
  15  4:06  SCV  
  16  4:13  Marine  
  17  4:19  SCV  
  18  4:30  Marine x2  
  20  4:36  SCV  
  21  4:48  SCV  
  21  5:01  Orbital Command  
  21  5:07  Marine x2  
  23  5:24  Factory  
  23  5:36  Supply Depot  
  23  5:46  Stimpack  
  23  5:58  SCV  
  23  6:02  Supply Depot  
  24  6:10  SCV  
  24  6:16  Marine x2  
  26  6:22  SCV  
  26  6:24  Supply Depot  
  27  6:32  Marine  
  28  6:34  SCV  
  29  6:46  SCV  
  30  6:47  Starport  
  30  6:50  Factory Reactor  
  30  6:55  Marine x2  
  32  7:03  Engineering Bay  
  32  7:10  SCV  
  32  7:11  Marine  
  32  7:14  Marine  
  32  7:15  Marine  
  36  7:30  Marine  
  36  7:32  Marine  
  36  7:33  Missile Turret  
  36  7:36  Medivac  
  40  7:43  Factory Reactor  
  40  7:44  Missile Turret  
  40  7:49  Medivac  
  42  7:54  Marine  
  42  7:58  Marine  
  42  8:01  Marine  
  44  8:33  Marine x2  
  44  8:34  Marine  
  47  8:47  Medivac x2  
  47  8:48  Widow Mine x2  
  55  8:53  Terran Infantry Weapons Level 1  
  55  9:07  Marine  
  55  9:31  Marine x2  
  55  9:38  Medivac  
  55  9:46  Marine  
  55  9:57  Widow Mine x2, Marine x2, Medivac  
  63  10:40  SCV  
Show
View Real Time Build Order
Export as new Build Order

spartin Protoss - Winner!

Build Orders:  

Get SALT Encoding   

  12  0:08  Pylon  
  12  0:13  Pylon  
  12  0:16  Probe  
  13  0:36  Forge, Probe  
  14  0:48  Probe  
  15  0:55  Pylon  
  15  1:01  Probe  
  16  1:13  Probe  
  17  1:22  Photon Cannon  
  17  1:28  Photon Cannon  
  17  1:35  Pylon  
  17  1:51  Pylon  
  16  2:06  Pylon  
  16  2:13  Gateway  
  16  2:25  Photon Cannon  
  16  2:33  Photon Cannon  
  16  2:35  Photon Cannon  
  16  2:42  Pylon  
  16  3:07  Probe  
  16  3:09  Cybernetics Core  
  17  3:13  Photon Cannon  
  17  3:15  Photon Cannon  
  17  3:27  Nexus  
  17  3:38  Pylon  
  17  3:41  Assimilator  
  17  3:45  Probe  
  18  3:50  Assimilator  
  18  3:54  Probe  
  18  4:02  Probe  
  20  4:11  Probe  
  21  4:20  Probe  
  21  4:23  Shield Battery  
  22  4:30  Probe  
  23  4:39  Stargate, Probe  
  23  4:43  Pylon  
  23  4:45  Probe  
  25  5:00  Probe x2  
  27  5:08  Photon Cannon  
  27  5:12  Probe  
  28  5:17  Probe  
  28  5:18  Stargate  
  29  5:25  Probe  
  30  5:29  Probe  
  30  5:32  Assimilator  
  30  5:33  Probe  
  31  5:36  Assimilator  
  31  5:37  Probe  
  31  5:41  Probe  
  33  5:45  Void Ray  
  33  5:48  Probe  
  38  5:55  Probe  
  40  6:00  Probe  
  40  6:02  Pylon  
  41  6:07  Probe  
  42  6:18  Probe  
  47  6:20  Probe, Void Ray  
  48  6:29  Protoss Air Weapons Level 1  
  48  6:33  Fleet Beacon  
  48  6:36  Pylon  
  48  6:39  Probe  
  49  6:40  Probe  
  50  6:51  Probe, Protoss Shields Level 1  
  55  7:01  Void Ray  
  55  7:07  Flux Vanes, Void Ray  
  59  7:36  Pylon, Nexus  
  67  7:55  Void Ray x2  
  67  8:02  Photon Cannon  
  67  8:04  Photon Cannon  
  67  8:06  Pylon  
  67  8:07  Probe  
  67  8:08  Probe  
  69  8:37  Protoss Air Weapons Level 2  
  78  8:41  Probe x2, Void Ray x2  
  78  8:47  Photon Cannon  
  79  8:49  Photon Cannon  
  79  8:52  Probe  
  79  8:53  Probe  
  81  8:57  Probe  
  81  9:00  Probe  
  82  9:05  Probe  
  84  9:14  Carrier  
  84  9:24  Assimilator  
  90  9:25  Assimilator  
  90  9:27  Carrier  
  92  10:14  Photon Cannon  
  92  10:16  Photon Cannon  
  92  10:18  Photon Cannon  
  92  10:20  Photon Cannon  
  97  10:24  Photon Cannon  
  97  10:28  Photon Cannon  
  97  10:33  Photon Cannon  
  97  10:35  Pylon  
  97  10:38  Pylon  
  97  10:41  Pylon  
Tags
 
Add a new tag
Caveats
  • Supply blocks, unpowered buildings, or Contaminate may cause inaccurate times.
  • Supply counts are checked every 10 seconds.